 Dungeon Crawl Stone Soup version 0.28-a0-2-g643f2454ad (webtiles) character file.

Game seed: 12804791363946707727

51 Lusmu the Caller (level 3, -2/19 HPs)
             Began as a Tengu Summoner on July 22, 2021.
             Slain by a hobgoblin (5 damage)
             ... on level 2 of the Dungeon.
             The game lasted 00:11:54 (3698 turns).

Lusmu the Caller (Tengu Summoner)                   Turns: 3698, Time: 00:11:55

Health: -2/19      AC:  2    Str:  9    XL:     3   Next: 83%
Magic:  8/8        EV: 12    Int: 15    God:
Gold:   83         SH:  0    Dex: 14    Spells: 3/7 levels left

rFire   . . .      SeeInvis .   e - +0 trident
rCold   . . .      Faith    .   (no shield)
rNeg    . . .      Spirit   .   a - +0 robe
rPois   .          Reflect  .   (helmet restricted)
rElec   .          Harm     .   (no cloak)
rCorr   .          Rampage  .   (no gloves)
Will    +....                   (boots unavailable)
Stlth   ++........              (no amulet)
HPRegen 0.06/turn               f - ring of willpower
MPRegen 0.11/turn               (no ring)

@: no status effects
A: beak, talons 3
a: no special abilities


You were on level 2 of the Dungeon.
You visited 1 branch of the dungeon, and saw 4 of its levels.

You collected 83 gold pieces.

Inventory:

Hand Weapons
 d - a +0 short sword
 e - a +0 trident (weapon)
Armour
 a - a +0 robe (worn)
Jewellery
 f - a ring of willpower (left hand)
 j - a ring of see invisible
Scrolls
 c - a scroll of identify
 g - 2 scrolls of silence
 h - a scroll of magic mapping
 l - a scroll of enchant weapon
Potions
 b - a potion of haste
 i - a potion of lignification
 k - a potion of curing


   Skills:
 - Level 2.1 Dodging
 + Level 2.9 Stealth
 + Level 2.6 Spellcasting
 + Level 5.4 Summonings


You had 3 spell levels left.
You knew the following spells:

 Your Spells              Type           Power      Damage    Failure   Level
a - Summon Small Mammal   Summ           72%        N/A       2%          1
b - Call Canine Familiar  Summ           18%        N/A       7%          3

Your spell library contained the following spells:

 Spells                   Type           Power      Damage    Failure   Level
 Call Imp                 Summ           18%        N/A       3%          2
 Summon Guardian Golem    Hex/Summ       10%        N/A       21%         3
 Tukima's Dance           Hex            2%         N/A       52%         3
 Summon Lightning Spire   Summ/Air       10%        N/A       56%         4
 Passage of Golubria      Tloc           N/A        N/A       90%         4
 Fireball                 Conj/Fire      1%         3d3       99%         5
 Yara's Violent Unravell  Hex/Tmut       1%         3d3       99%         5
 Starburst                Conj/Fire      1%         8x6d3     100%        6
 Ignition                 Fire           1%         3d3       100%        8


Dungeon Overview and Level Annotations

Branches:
Dungeon (4/15)
 Temple: D:4-7

Altars:


Innate Abilities, Weirdness & Mutations

You have a beak for a mouth.
You have claws for feet.


Message History

You see here a +0 robe.
There is a large open door here.
You now have 83 gold pieces (gained 4).
There is a large open door here.
There is a large open door here.
Done exploring.
Done exploring.
Done exploring.
There is a stone staircase leading down here.
You climb downwards.
A worm, a hobgoblin, a gnoll and a skeleton come into view.
Found 6 large rocks, 16 gold pieces and 10 poisoned darts.
There is a stone staircase leading up here.
The hobgoblin shouts!
The gnoll shouts!
You hear a shout!
A gnoll comes into view. It is wielding a +0 flail.
An orc comes into view. It is wielding a +0 hand axe.
The orc shouts!
The bullfrog skeleton hits you.
The gnoll hits you from afar with a +0 halberd.
The hobgoblin closely misses you.
The bullfrog skeleton barely misses you.
You climb upwards.
There is a stone staircase leading down here.
You barely miss the hobgoblin.
The hobgoblin hits you but does no damage.
You closely miss the hobgoblin. You claw the hobgoblin.
The hobgoblin is lightly wounded.
The hobgoblin hits you.
You barely miss the hobgoblin.
The hobgoblin is lightly wounded.
The hobgoblin hits you.
* * * LOW HITPOINT WARNING * * *
The hobgoblin misses you. The hobgoblin closely misses you.
There is an escape hatch in the ceiling here.
The hobgoblin hits you.
* * * LOW HITPOINT WARNING * * *
A mysterious force pulls you upwards. The hatch slams shut behind you.
The hobgoblin hits you.
You die...

# #.................#.#
####..........#......#.#
+).'........>..........#
####...............############
#.........#........####......)#
#.........#...........#.#####.#
#.........#...................###
#.........#................####..
.#.###....#.....@.......#..##.#.#
...............#g.......#.....#.#
.#.#.#...............#..##.#..#.#
.....................#..........#
#.#.#.#....###.......#.###.##.###
...........# #.......#........#
.#.#.#.#...####......#..##.####
.................###.#.....#
#.#.#.#.#...##....##.###.###


You could see a hobgoblin.

Vanquished Creatures
  A nameless horror (D:3)
  A worm (D:3)
  2 orcs (D:3)
  An endoplasm (D:2)
  A giant cockroach (D:2)
  2 goblins (D:2)
  2 hobgoblins (D:1)
  4 jackals (D:2)
  4 ball pythons
  4 bats
  A frilled lizard (D:1)
  3 kobolds
  2 rats (D:1)
28 creatures vanquished.

Vanquished Creatures (collateral kills)
  2 adders
  A dart slug (D:2)
  A worm (D:2)
  A bat (D:1)
  An endoplasm (D:2)
  A goblin (D:1)
  4 hobgoblins
  2 kobolds
13 creatures vanquished.

Grand Total: 41 creatures vanquished

Notes
Turn   | Place    | Note
-------+----------+-------------------------------------------
     0 | D:1      | Lusmu the Tengu Summoner began the quest for the Orb.
     0 | D:1      | Reached XP level 1. HP: 10/10 MP: 4/4
    11 | D:1      | Found a faded altar of an unknown god.
   854 | D:1      | Reached skill level 5 in Summonings
   994 | D:1      | Reached XP level 2. HP: 15/15 MP: 4/6
  1780 | D:2      | Reached XP level 3. HP: 3/19 MP: 5/7
  1828 | D:2      | Learned a level 3 spell: Call Canine Familiar
  3698 | D:2      | Slain by a hobgoblin

Illustrated notes

Levels and vault maps discovered:
D:1:      roderic_chinese_lattice_arrival, layout_basic,
          ebering_ecumenical_altar_petrified
D:2:      layout_basic, columned_hall_lemuel, moated_statue, hex_large,
          minmay_tetromino_o2
D:3:      layout_basic, kennysheep_generic_room_4
D:4:      layout_cave_pools, kennysheep_mini_moat, lightli_temple_of_fire,
          lemuel_blue_sif_altar

Skill      XL: |  1 |
---------------+----+-----
Summonings     | 5 |  5.4
Dodging        | |  2.1
Stealth        | |  2.9
Spellcasting   | |  2.6

Action                   || total
-------------------------++-------
Melee: Short sword       ||    45
       Kick              ||    14
       Peck              ||     4
       Trident           ||    35
 Cast: Summon Small Mamm ||    18
       Call Canine Famil ||     4
  Use: Potion            ||     2
       Scroll            ||     6
 Stab: Sleeping          ||    10
Armor: Robe              ||     9
Dodge: Dodged            ||    64

Table legend: (Time is in decaauts)
 A = Elapsed time spent in this place.
 B = Non-inter-level travel time spent in this place.
 C = Inter-level travel time spent in this place.
 D = Time resting spent in this place.
 E = Time spent auto-exploring this place.
 F = Levels seen in this place.
 G = Mean time per level.
                   A        B        C        D        E       F      G
               +--------+--------+--------+--------+--------+-----+--------+
         Total |   3714 |   3570 |    144 |    774 |   1621 |   4 |  928.5 |
       Dungeon |   3714 |   3570 |    144 |    774 |   1621 |   4 |  928.5 |
               +--------+--------+--------+--------+--------+-----+--------+

Top non-repeatable levels by time:
     D:1: 1410 daAuts
     D:3: 1321 daAuts
     D:2: 975 daAuts
     D:4: 6 daAuts
